| TOP OF THE 1ST |
|
West Virginia Power batting - Pitching for Hartford Yard Goats : RHP Tanner Brazeal
|
|
Pitching: RHP Tanner Brazeal
|
|
|
Batting: RHB Melvin Durland
|
0-0: Ball 1-0: Ground out 4-3 (Groundball, 4M, EV 101.2 MPH)
|
|
Batting: SHB Don Hauk
|
0-0: Swinging Strike 0-1: Ground out 4-3 (Groundball, 4, EV 82.5 MPH)
|
|
Batting: LHB Dustin Herman
|
0-0: Swinging Strike 0-1: Swinging Strike 0-2: Ground out 4-3 (Groundball, 4, EV 81.9 MPH)
|
| Top of the 1st over - 0 runs, 0 hits, 0 errors, 0 left on base; West Virginia 0 - Hartford 0 |
| BOTTOM OF THE 1ST |
|
Hartford Yard Goats batting - Pitching for West Virginia Power : RHP Pete Griesser
|
|
Pitching: RHP Pete Griesser
|
|
|
Batting: LHB Nick Martin
|
0-0: Swinging Strike 0-1: Ball 1-1: Ball 2-1: Foul Ball, location: 2F 2-2: Ball 3-2: Base on Balls
|
|
Batting: RHB Wali Mulogo
|
0-0: Foul Ball, location: 2F 0-1: Swinging Strike 0-2: Strikes out swinging
|
|
Batting: RHB Chris Osting
|
0-0: Swinging Strike 0-1: Ball 1-1: Foul Ball, location: 2F 1-2: Ground out 5-3 (Groundball, 5, EV 107.5 MPH) Nick Martin to second
|
|
Batting: RHB Doug D'Onofrio
|
0-0: Ball 1-0: Foul Ball, location: 2F 1-1: Ball 2-1: Called Strike 2-2: Fly out, F7 (Line Drive, 7LM, EV 98.8 MPH)
|
| Bottom of the 1st over - 0 runs, 0 hits, 0 errors, 1 left on base; West Virginia 0 - Hartford 0 |
| TOP OF THE 2ND |
|
West Virginia Power batting - Pitching for Hartford Yard Goats : RHP Tanner Brazeal
|
|
Batting: RHB Hidesuke Yoshida
|
0-0: Ground out 3-1 (Groundball, 34, EV 83.8 MPH)
|
|
Batting: RHB Tim Moore
|
0-0: Ball 1-0: Called Strike 1-1: Called Strike 1-2: Foul Ball, location: 2F 1-2: Foul Ball, location: 2F 1-2: Ball 2-2: Ground out 6-3 (Groundball, 6, EV 95.0 MPH)
|
|
Batting: SHB Rob Haney
|
0-0: Ball 1-0: SINGLE (Line Drive, 8RS, EV 105.6 MPH)
|
|
Batting: RHB Randy Bergman
|
0-0: Called Strike 0-1: Fielders Choice at 2nd, 6-4 (Groundball, 6, EV 82.5 MPH)
|
| Top of the 2nd over - 0 runs, 1 hit, 0 errors, 1 left on base; West Virginia 0 - Hartford 0 |
| BOTTOM OF THE 2ND |
|
Hartford Yard Goats batting - Pitching for West Virginia Power : RHP Pete Griesser
|
|
Batting: RHB Ray Insley
|
0-0: Ball 1-0: Ball 2-0: Swinging Strike 2-1: Foul Ball, location: 2F 2-2: Foul Ball, location: 2F 2-2: Fly out, F4 (Popup, 4M, EV 77.5 MPH)
|
|
Batting: SHB Brad Madden
|
0-0: Ball 1-0: Ball 2-0: Called Strike 2-1: Ground out U3 (Groundball, 3, EV 90.0 MPH)
|
|
Batting: RHB Manny Thompson
|
0-0: Ball 1-0: Swinging Strike 1-1: Swinging Strike 1-2: Strikes out looking
|
| Bottom of the 2nd over - 0 runs, 0 hits, 0 errors, 0 left on base; West Virginia 0 - Hartford 0 |
| TOP OF THE 3RD |
|
West Virginia Power batting - Pitching for Hartford Yard Goats : RHP Tanner Brazeal
|
|
Batting: LHB Jim Weidman
|
0-0: Fly out, F7 (Flyball, 7, EV 91.2 MPH)
|
|
Batting: RHB Chris Arroyo
|
0-0: SINGLE (Line Drive, 34, EV 101.9 MPH)
|
|
Batting: RHB Melvin Durland
|
0-0: Called Strike 0-1: Ball 1-1: Ball Chris Arroyo steals 2nd, throwing error, E2 Chris Arroyo to third 2-1: Ground out 5-3 (Groundball, 56S, EV 80.0 MPH) Chris Arroyo scores
|
|
Batting: SHB Don Hauk
|
0-0: Ground out 3-1 (Groundball, 34, EV 108.8 MPH)
|
| Top of the 3rd over - 1 run, 1 hit, 1 error, 0 left on base; West Virginia 1 - Hartford 0 |
| BOTTOM OF THE 3RD |
|
Hartford Yard Goats batting - Pitching for West Virginia Power : RHP Pete Griesser
|
|
Batting: RHB Josh Lofgreen
|
0-0: Swinging Strike 0-1: Ball 1-1: Called Strike 1-2: Foul Ball, location: 2F 1-2: Ball 2-2: Foul Ball, location: 2F 2-2: Ball 3-2: Strikes out swinging
|
|
Batting: RHB Willie Benito
|
0-0: Ball 1-0: Ball 2-0: Ball 3-0: Called Strike 3-1: Base on Balls
|
|
Batting: LHB Nick Martin
|
0-0: Ball 1-0: DOUBLE (Flyball, 8RD, EV 94.4 MPH) Willie Benito to third
|
|
Batting: RHB Wali Mulogo
|
0-0: Called Strike 0-1: Ball 1-1: Called Strike 1-2: Foul Ball, location: 2F 1-2: Strikes out looking
|
|
Batting: RHB Chris Osting
|
0-0: Swinging Strike 0-1: Called Strike 0-2: 3-RUN HOME RUN (Flyball, 7D, EV 96.2 MPH), Distance : 385 ft
|
|
Batting: RHB Doug D'Onofrio
|
0-0: Reached on error, E5 (Groundball, 56S, EV 67.5 MPH)
|
|
Batting: RHB Ray Insley
|
0-0: Ball 1-0: Ball 2-0: Ball 3-0: Called Strike 3-1: Foul Ball, location: 2F 3-2: SINGLE (Groundball, 6MS, EV 74.4 MPH) (infield hit) Doug D'Onofrio to second
|
|
Batting: SHB Brad Madden
|
0-0: Swinging Strike 0-1: Ball 1-1: Swinging Strike 1-2: Ball 2-2: Foul Ball, location: 2F 2-2: Strikes out swinging
|
| Bottom of the 3rd over - 3 runs, 3 hits, 1 error, 2 left on base; West Virginia 1 - Hartford 3 |
| TOP OF THE 4TH |
|
West Virginia Power batting - Pitching for Hartford Yard Goats : RHP Tanner Brazeal
|
|
Batting: LHB Dustin Herman
|
0-0: SOLO HOME RUN (Flyball, 9LD, EV 96.2 MPH), Distance : 384 ft
|
|
Batting: RHB Hidesuke Yoshida
|
0-0: Ball 1-0: Swinging Strike 1-1: Swinging Strike 1-2: Foul Ball, location: 2F 1-2: Foul Ball, location: 2F 1-2: Ball 2-2: Strikes out swinging
|
|
Batting: RHB Tim Moore
|
0-0: Ball 1-0: Swinging Strike 1-1: Ball 2-1: Fly out, F9 (Flyball, 9, EV 87.5 MPH)
|
|
Batting: SHB Rob Haney
|
0-0: Ball 1-0: Called Strike 1-1: Ball 2-1: Ball 3-1: Ground out U3 (Groundball, 3, EV 92.5 MPH)
|
| Top of the 4th over - 1 run, 1 hit, 0 errors, 0 left on base; West Virginia 2 - Hartford 3 |
| BOTTOM OF THE 4TH |
|
Hartford Yard Goats batting - Pitching for West Virginia Power : RHP Pete Griesser
|
|
Batting: RHB Manny Thompson
|
0-0: SINGLE (Groundball, 4MD, EV 103.8 MPH)
|
|
Batting: RHB Josh Lofgreen
|
0-0: Ball 1-0: Ball 2-0: Ball 3-0: Called Strike 3-1: Reached on error, E1 (Groundball, 13S, EV 70.6 MPH) Manny Thompson to second
|
|
Batting: RHB Willie Benito
|
0-0: Fielders Choice at 2nd, 4-6 (Groundball, 4, EV 83.8 MPH) Manny Thompson to third
|
|
Batting: LHB Nick Martin
|
0-0: Swinging Strike 0-1: Called Strike 0-2: Ball 1-2: Ball 2-2: Strikes out swinging
|
|
Batting: RHB Wali Mulogo
|
0-0: Foul Ball, location: 2F 0-1: Ball 1-1: Ball 2-1: Foul Ball, location: 2F 2-2: Strikes out swinging
|
| Bottom of the 4th over - 0 runs, 1 hit, 1 error, 2 left on base; West Virginia 2 - Hartford 3 |
| TOP OF THE 5TH |
|
West Virginia Power batting - Pitching for Hartford Yard Goats : RHP Tanner Brazeal
|
|
Batting: RHB Randy Bergman
|
0-0: Called Strike 0-1: Called Strike 0-2: Foul Ball, location: 2F 0-2: Strikes out swinging
|
|
Batting: LHB Jim Weidman
|
0-0: Ground out 4-3 (Groundball, 34D, EV 101.2 MPH)
|
|
Batting: RHB Chris Arroyo
|
0-0: Ball 1-0: Ball 2-0: Called Strike 2-1: Ground out U3 (Groundball, 3, EV 80.0 MPH)
|
| Top of the 5th over - 0 runs, 0 hits, 0 errors, 0 left on base; West Virginia 2 - Hartford 3 |
| BOTTOM OF THE 5TH |
|
Hartford Yard Goats batting - Pitching for West Virginia Power : RHP Pete Griesser
|
|
Pitching: LHP Hugo Aquino
|
|
|
Batting: RHB Chris Osting
|
0-0: Foul Ball, location: 2F 0-1: Ground out 5-3 (Groundball, 56, EV 108.1 MPH)
|
|
Batting: RHB Doug D'Onofrio
|
0-0: Fly out, F8 (Flyball, 8RXD, EV 100.6 MPH)
|
|
Batting: RHB Ray Insley
|
0-0: Ball 1-0: Foul Ball, location: 2F 1-1: Ball 2-1: Ball 3-1: Ground out 6-3 (Groundball, 6M, EV 111.9 MPH)
|
| Bottom of the 5th over - 0 runs, 0 hits, 0 errors, 0 left on base; West Virginia 2 - Hartford 3 |
| TOP OF THE 6TH |
|
West Virginia Power batting - Pitching for Hartford Yard Goats : RHP Tanner Brazeal
|
|
Batting: RHB Melvin Durland
|
0-0: Called Strike 0-1: Ball 1-1: Fly out, F7 (Flyball, 78S, EV 88.1 MPH)
|
|
Batting: SHB Don Hauk
|
0-0: Ball 1-0: Ground out 4-3 (Groundball, 4MD, EV 97.5 MPH)
|
|
Batting: LHB Dustin Herman
|
0-0: Ball 1-0: Ball 2-0: Ball 3-0: Called Strike 3-1: Base on Balls
|
|
Batting: RHB Hidesuke Yoshida
|
0-0: Ball 1-0: Ball 2-0: Called Strike 2-1: Ball 3-1: Swinging Strike 3-2: Foul Ball, location: 2F 3-2: SINGLE (Groundball, 6MS, EV 60.6 MPH) (infield hit) Dustin Herman to second
|
|
Batting: RHB Tim Moore
|
0-0: Ball 1-0: Foul Ball, location: 2F 1-1: Ball 2-1: Foul Ball, location: 2F 2-2: Ball 3-2: Base on Balls Dustin Herman to third Hidesuke Yoshida to second
|
|
Pitching: RHP Jonathan Alldritt
|
|
|
Pinch Hitting: LHB Shuan-yan Wu
|
0-0: Ball 1-0: Called Strike 1-1: Fly out, F6 (Popup, 6MS, EV 80.6 MPH)
|
| Top of the 6th over - 0 runs, 1 hit, 0 errors, 3 left on base; West Virginia 2 - Hartford 3 |
| BOTTOM OF THE 6TH |
|
Hartford Yard Goats batting - Pitching for West Virginia Power : LHP Hugo Aquino
|
|
Now at 2B: Rusty Trader
|
|
|
Now at SS: Tim Moore
|
|
|
Batting: SHB Brad Madden
|
0-0: Ball 1-0: Ball 2-0: Swinging Strike 2-1: Called Strike 2-2: Foul Ball, location: 2F 2-2: Strikes out swinging
|
|
Batting: RHB Manny Thompson
|
0-0: Ball 1-0: Called Strike 1-1: Ground out 5-3 (Groundball, 56, EV 85.0 MPH)
|
|
Batting: RHB Josh Lofgreen
|
0-0: Ball 1-0: Ball 2-0: Fly out, F8 (Line Drive, 8RD, EV 95.6 MPH)
|
| Bottom of the 6th over - 0 runs, 0 hits, 0 errors, 0 left on base; West Virginia 2 - Hartford 3 |
| TOP OF THE 7TH |
|
West Virginia Power batting - Pitching for Hartford Yard Goats : RHP Jonathan Alldritt
|
|
Batting: RHB Randy Bergman
|
0-0: Ball 1-0: Fly out, F7 (Flyball, 7, EV 96.9 MPH)
|
|
Batting: LHB Jim Weidman
|
0-0: Ball 1-0: Called Strike 1-1: Fly out, F7 (Flyball, 7S, EV 78.8 MPH)
|
|
Batting: RHB Chris Arroyo
|
0-0: Called Strike 0-1: Swinging Strike 0-2: Ball 1-2: Foul Ball, location: 2F 1-2: Ball 2-2: Fly out, F9 (Line Drive, 9S, EV 95.6 MPH)
|
| Top of the 7th over - 0 runs, 0 hits, 0 errors, 0 left on base; West Virginia 2 - Hartford 3 |
| BOTTOM OF THE 7TH |
|
Hartford Yard Goats batting - Pitching for West Virginia Power : LHP Hugo Aquino
|
|
Batting: RHB Willie Benito
|
0-0: Ball 1-0: Ball 2-0: Ball 3-0: Called Strike 3-1: Ground out 5-3 (Groundball, 5S, EV 75.0 MPH)
|
|
Batting: LHB Nick Martin
|
0-0: Called Strike 0-1: Ball 1-1: Foul Ball, location: 2F 1-2: Ground out 5-3 (Groundball, 56, EV 86.9 MPH)
|
|
Batting: RHB Wali Mulogo
|
0-0: Ball 1-0: Ball 2-0: Ball 3-0: Base on Balls
|
|
Batting: RHB Chris Osting
|
0-0: Ball 1-0: Ball 2-0: Called Strike 2-1: Swinging Strike 2-2: Ball 3-2: Foul Ball, location: 2F 3-2: Foul Ball, location: 2F 3-2: Fly out, F8 (Flyball, 8RM, EV 91.2 MPH)
|
| Bottom of the 7th over - 0 runs, 0 hits, 0 errors, 1 left on base; West Virginia 2 - Hartford 3 |
| TOP OF THE 8TH |
|
West Virginia Power batting - Pitching for Hartford Yard Goats : RHP Jonathan Alldritt
|
|
Batting: RHB Melvin Durland
|
0-0: Ball 1-0: Ball 2-0: TRIPLE (Flyball, 89XD, EV 113.1 MPH)
|
|
Pitching: RHP Wilson Mendez
|
|
|
Batting: SHB Don Hauk
|
0-0: Swinging Strike 0-1: Ball 1-1: Ball 2-1: Ground out U3 (Groundball, 3, EV 75.6 MPH)
|
|
Pitching: LHP Rafael Lozano
|
|
|
Batting: LHB Dustin Herman
|
0-0: Ball 1-0: Foul Ball, location: 2F 1-1: Ball 2-1: Called Strike 2-2: Ball 3-2: Base on Balls
|
|
Pitching: RHP Jerry Dunne
|
|
|
Batting: RHB Hidesuke Yoshida
|
0-0: Ball 1-0: Ball 2-0: Ball 3-0: Called Strike 3-1: Fly out, F9 (Flyball, 9LD, EV 110.6 MPH) Runner from 3rd tags up, SCORES, no throw by RF
|
|
Batting: RHB Tim Moore
|
0-0: Called Strike 0-1: Ball 1-1: Ball 2-1: Ball 3-1: Base on Balls Dustin Herman to second
|
|
Batting: RHB Rusty Trader
|
0-0: Ball 1-0: Called Strike 1-1: Swinging Strike 1-2: Ball 2-2: SINGLE (Groundball, 56D, EV 96.9 MPH) Dustin Herman to third Tim Moore to second Runner from 3rd tries for Home, throw by LF and OUT! 7-2
|
| Top of the 8th over - 1 run, 2 hits, 0 errors, 2 left on base; West Virginia 3 - Hartford 3 |
| BOTTOM OF THE 8TH |
|
Hartford Yard Goats batting - Pitching for West Virginia Power : LHP Hugo Aquino
|
|
Pitching: RHP Hitoshi Yoshihara
|
|
|
Batting: RHB Doug D'Onofrio
|
0-0: Called Strike 0-1: Called Strike 0-2: Ball 1-2: TRIPLE (Line Drive, 9LD, EV 111.9 MPH)
|
|
Batting: RHB Ray Insley
|
0-0: Called Strike 0-1: Called Strike 0-2: Strikes out swinging
|
|
Batting: SHB Brad Madden
|
0-0: Ball 1-0: Called Strike 1-1: Foul Ball, location: 2F 1-2: Ball 2-2: DOUBLE (Groundball, 3D, EV 99.4 MPH) Doug D'Onofrio scores
|
|
Batting: RHB Manny Thompson
|
0-0: Ball 1-0: Foul Ball, location: 2F 1-1: Called Strike 1-2: Ball 2-2: Foul Ball, location: 2F 2-2: Fly out, F9 (Line Drive, 89M, EV 102.5 MPH)
|
|
Batting: RHB Josh Lofgreen
|
0-0: Swinging Strike 0-1: Ball 1-1: Swinging Strike 1-2: Strikes out looking
|
| Bottom of the 8th over - 1 run, 2 hits, 0 errors, 1 left on base; West Virginia 3 - Hartford 4 |
| TOP OF THE 9TH |
|
West Virginia Power batting - Pitching for Hartford Yard Goats : RHP Jerry Dunne
|
|
Batting: RHB Randy Bergman
|
0-0: Ball 1-0: Ground out 1-3 (Groundball, 13S, EV 68.1 MPH)
|
|
Batting: LHB Jim Weidman
|
0-0: Fly out, F7 (Line Drive, 7, EV 105.6 MPH)
|
|
Batting: RHB Chris Arroyo
|
0-0: Ball 1-0: Ball 2-0: Ball 3-0: Base on Balls
|
|
Batting: RHB Melvin Durland
|
0-0: Ball 1-0: Called Strike 1-1: Foul Ball, location: 2F 1-2: Strikes out swinging
|
| Top of the 9th over - 0 runs, 0 hits, 0 errors, 1 left on base; West Virginia 3 - Hartford 4 |
|